 Dungeon Sprint DCSS version 0.30.1-9-gdf580d7c3d (webtiles) character file.

Game seed: 12500457673510191426

4560 Heoruswealwe the Impaler (level 10, -2/156 HPs)
             Began as a Minotaur Fighter on Sept 26, 2023.
             Was an Initiate of Gozag.
             Slain by a wyvern (10 damage)
             ... in the Dungeon (Sprint IX: "|||||||||||||||||||||||||||||").
             The game lasted 00:07:29 (693 turns).

Heoruswealwe the Impaler (Minotaur Fighter)          Turns: 693, Time: 00:07:31

Health: -2/156     AC:  9    Str: 25    XL:     10   Next: 18%
Magic:  9/9        EV:  8    Int:  5    God:    Gozag
Gold:   1138       SH:  0    Dex: 10    Spells: 9/9 levels left

rFire   . . .        b - +2 halberd (protect)
rCold   . . .        (shield currently unavailable)
rNeg    . . .        c - +0 plate armour
rPois   .            (helmet restricted)
rElec   .            h - +0 cloak
rCorr   .            (no gloves)
SInv    .            (no boots)
Will    .....        (no amulet) Stlth
                     (no ring)
HPRegen 0.46/turn    (no ring)
MPRegen 0.11/turn

%: no teleportation
@: berserking, corroded, gold aura, under a protective aura, very quick
A: horns 2, retaliatory headbutt
a: Renounce Religion, Potion Petition, Call Merchant, Bribe Branch


You were in the Dungeon.
You worshipped Gozag.
Gozag was most pleased with you.
You visited 1 branch You collected 1138 gold pieces.

Inventory:

Hand Weapons
 a - a +0 trident
 b - a +2 halberd of protection (weapon)
Armour
 c - a +0 plate armour (worn)
 d - a +0 buckler
 h - a +0 cloak (worn)
Wands
 k - a wand of quicksilver (10)
Scrolls
 j - 3 scrolls of blinking
 n - 4 scrolls of enchant weapon
 o - 2 scrolls of enchant armour
Potions
 e - a potion of mutation
 f - a potion of invisibility
 g - a potion of haste
 l - 2 potions of might


   Skills:
 + Level 14.8 Fighting
 * Level 19.9 Polearms
 + Level 14.8 Armour
 - Level 3.6 Shields


You had 9 spell levels left.
You didn't know any spells.
Your spell library was empty.

Dungeon Overview and Level Annotations

Branches:
Dungeon (1/1)

Altars:
Cheibriados
Dithmenos
Elyvilon
Fedhas
Gozag
Hepliaklqana
Kikubaaqudgha
Makhleb
Nemelex Xobeh
Okawaru
Qazlal
Ru
Sif Muna
Trog
Uskayaw
Vehumet
Wu Jian
Xom
Yredelemnul
Zin
The Shining One
Jiyva
Lugonu


Innate Abilities, Weirdness & Mutations

You have a pair of horns on your head.
You reflexively headbutt those who attack you in melee.


Message History

You headbutt the steam dragon.
The steam dragon claws you but does no damage.
You hit the steam dragon but do no damage.
The steam dragon is severely wounded.
You closely miss the steam dragon.
The steam dragon is severely wounded.
The cane toad is no longer distracted by gold.
The steam dragon breathes steam at you. The ball of steam hits you!
* * * LOW HITPOINT WARNING * * *
Unknown command.
You closely miss the steam dragon.
The steam dragon is severely wounded.
You are engulfed in a cloud of scalding steam.
* * * LOW HITPOINT WARNING * * *
The steam dragon bites you.
* * * LOW HITPOINT WARNING * * *
The steam dragon completely misses you.
You closely miss the steam dragon.
The steam dragon is severely wounded.
You are engulfed in a cloud of scalding steam.
* * * LOW HITPOINT WARNING * * *
You hit the steam dragon but do no damage.
You headbutt the steam dragon!
You kill the steam dragon!
You are engulfed in a cloud of scalding steam.
A red film seems to cover your vision as you go berserk!
You feel yourself moving faster!
You feel mighty!
You are engulfed in a cloud of scalding steam.
The wyvern bites you!
* * * LOW HITPOINT WARNING * * *
The wyvern is distracted by your dazzling golden aura.
The wyvern hisses angrily.
You hit the wyvern but do no damage.
The wyvern is no longer distracted by gold.
You are engulfed in a cloud of scalding steam.
* * * LOW HITPOINT WARNING * * *
The wyvern bites you!
You die...
Your body crumbles into a pile of gold.

$
▓.▓.▓_▓
$
▓?▓.▓_▓
$
▓.▓.▓_▓
$
▓$▓.▓_▓
$
▓.▓.▓_▓
$
▓.▓.▓_▓
$
▓§▓.▓_▓
$
▓.▓.▓_▓
$
▓@▓.▓_▓
▓l▓.▓_▓
$
▓l▓.▓_▓
$
▓F▓.▓_▓
$
▓.▓.▓_▓
$
▓+▓.▓_▓
$ ▓.▓_▓
$ ▓.▓_▓
$ ▓.▓_▓


You could see a komodo dragon, a cane toad and a wyvern.

Vanquished Creatures
  3 two-headed ogres (D)
  An oklob plant (D)
  A cyclops (D)
  A torpor snail (D)
  A komodo dragon (D)
  2 trolls (D)
  A hornet (D)
  2 basilisks (D)
  A steam dragon (D)
  A vampire mosquito (D)
  A water moccasin (D)
  An orc warrior (D)
  A kobold brigand (D)
  A killer bee (D)
  An orc priest (D)
  3 orcs (D)
  An endoplasm (D)
  A hobgoblin (D)
  A quokka (D)
  A ball python (D)
  A kobold (D)
  A rat (D)
28 creatures vanquished.

Notes
Turn   | Place    | Note
-------+----------+-------------------------------------------
     0 | D        | Heoruswealwe the Minotaur Fighter began the quest for the
                  | Orb.
     0 | D        | Reached XP level 1. HP: 19/19 MP: 0/0
     6 | D        | Reached skill level 3 in Polearms
    21 | D        | Noticed an orc priest
    33 | D        | Killed an orc priest
    34 | D        | Reached skill level 5 in Fighting
    34 | D        | Reached skill level 5 in Polearms
    34 | D        | Reached skill level 5 in Armour
    34 | D        | Reached XP level 2. HP: 12/29 MP: 1/1
    34 | D        | Reached XP level 3. HP: 15/36 MP: 2/2
    37 | D        | Reached skill level 6 in Polearms
    63 | D        | Found a snail-covered altar of Cheibriados.
    63 | D        | Found a shadowy altar of Dithmenos.
    63 | D        | Found a white marble altar of Elyvilon.
    63 | D        | Found a blossoming altar of Fedhas.
    63 | D        | Found an opulent altar of Gozag.
    64 | D        | Found a hazy altar of Hepliaklqana.
    65 | D        | Found a viscous altar of Jiyva.
    66 | D        | Found an ancient bone altar of Kikubaaqudgha.
    67 | D        | Found a corrupted altar of Lugonu.
    68 | D        | Found a burning altar of Makhleb.
    69 | D        | Found a sparkling altar of Nemelex Xobeh.
    70 | D        | Found an iron altar of Okawaru.
    71 | D        | Became a worshipper of Gozag Ym Sagoz the Greedy
    72 | D        | Found a stormy altar of Qazlal.
    73 | D        | Found a sacrificial altar of Ru.
    74 | D        | Found a shimmering blue altar of Sif Muna.
    75 | D        | Found a bloodstained altar of Trog.
    76 | D        | Found a hide-covered altar of Uskayaw.
    77 | D        | Found a radiant altar of Vehumet.
    78 | D        | Found an ornate altar of the Wu Jian Council.
    79 | D        | Found a shimmering altar of Xom.
    80 | D        | Found a basalt altar of Yredelemnul.
    81 | D        | Found a glowing silver altar of Zin.
    82 | D        | Found a glowing golden altar of the Shining One.
   117 | D        | Noticed a kobold brigand
   117 | D        | Noticed a killer bee
   117 | D        | Noticed a troll
   117 | D        | Noticed a hornet
   117 | D        | Noticed an orc warrior
   117 | D        | Noticed a troll
   128 | D        | Killed a kobold brigand
   129 | D        | Reached skill level 8 in Polearms
   129 | D        | Reached XP level 4. HP: 33/45 MP: 3/3
   132 | D        | Reached skill level 9 in Polearms
   132 | D        | Reached XP level 5. HP: 50/52 MP: 4/4
   140 | D        | Killed a troll
   141 | D        | Reached skill level 11 in Polearms
   141 | D        | Reached XP level 6. HP: 37/63 MP: 5/5
   142 | D        | Paralysed by a hornet for 2 turns
   147 | D        | Killed a hornet
   148 | D        | Reached skill level 13 in Polearms
   148 | D        | Reached XP level 7. HP: 27/71 MP: 6/6
   153 | D        | Reached skill level 10 in Fighting
   153 | D        | Reached skill level 10 in Armour
   160 | D        | Killed a troll
   161 | D        | Reached skill level 14 in Polearms
   337 | D        | Noticed a vampire mosquito
   337 | D        | Noticed a cyclops
   337 | D        | Noticed a two-headed ogre
   337 | D        | Noticed a two-headed ogre
   337 | D        | Noticed a two-headed ogre
   337 | D        | Noticed a basilisk
   346 | D        | Killed a vampire mosquito
   350 | D        | Killed a cyclops
   351 | D        | Reached skill level 15 in Polearms
   351 | D        | Reached XP level 8. HP: 77/83 MP: 7/7
   356 | D        | Killed a two-headed ogre
   357 | D        | Reached skill level 16 in Polearms
   361 | D        | Killed a two-headed ogre
   362 | D        | Reached skill level 17 in Polearms
   362 | D        | Reached XP level 9. HP: 46/93 MP: 8/8
   364 | D        | Killed a two-headed ogre
   365 | D        | Reached skill level 18 in Polearms
   626 | D        | Noticed a komodo dragon
   626 | D        | Noticed a torpor snail
   626 | D        | Noticed an oklob plant
   631 | D        | Killed a komodo dragon
   643 | D        | Reached skill level 19 in Polearms
   660 | D        | Killed a torpor snail
   661 | D        | Reached XP level 10. HP: 51/104 MP: 9/9
   665 | D        | Noticed a cane toad
   681 | D        | Killed an oklob plant
   693 | D        | Slain by a wyvern

Illustrated notes

Levels and vault maps discovered:
D:        linesprint [early_d, line_temple, items_1, d_10, items_2, lair_1,
          lair_end, items_3, orc_1, orc_end, items_4, d_15, swamp_1, shoals_1,
          snake_1, spider_1, d_20, vaults_1, items_5, swamp_end, shoals_end,
          snake_end, spider_end, vaults_end, d_27, items_6, zot_1, zot_end,
          crypt_end, forest_end, elf_end, slime_end, tomb_end, abyss_end,
          pan_hell_end]

Skill      XL: |  1  2  3  4  5  6  7  8  9 |
---------------+----------------------------+-----
Polearms       | 5 8 9 11 13 15 17 19 | 19.9
Fighting       | 5 6 7 9 11 13 14 | 14.8
Armour         | 5 6 7 9 11 13 14 | 14.8
Shields        | |  3.6

Action                     |  1- 3 |  4- 6 |  7- 9 | 10-12 || total
---------------------------+-------+-------+-------+-------++-------
  Melee: Trident           |    28 |       |       |       ||    28
         Headbutt          |     5 |     3 |    18 |     6 ||    32
         Halberd           |    10 |    13 |    69 |    20 ||   112
    Use: Potion            |     1 |     4 |     3 |     7 ||    15
   Stab: Distracted        |       |     1 |       |       ||     1
 Armour: Scale mail        |     8 |       |       |       ||     8
         Chain mail        |     4 |    15 |    13 |       ||    32
         Plate armour      |       |       |    28 |     7 ||    35
  Dodge: Dodged            |    10 |     5 |    21 |     2 ||    38
  Block: Buckler           |     5 |       |       |       ||     5
